 Dungeon Crawl Stone Soup version 0.31-a0-846-gb3bcc0d938 (webtiles) character file.

Game seed: 970149652134483461

277 croobank the Covert (level 6, 0/53 HPs)
             Began as a Gnoll Delver on Oct 3, 2023.
             Slain by an orc
             ... wielding a +1 whip of venom
              (1 damage)
             ... on level 4 of the Dungeon.
             The game lasted 00:11:18 (3141 turns).

croobank the Covert (Gnoll Delver)                  Turns: 3141, Time: 00:11:18

Health: 0/53       AC:  5    Str: 11    XL:     6   Next: 25%
Magic:  3/8        EV: 13    Int: 11    God:
Gold:   195        SH:  0    Dex: 14    Spells: 3/8 levels left

rFire   . . .        a - +0 short sword (holy)
rCold   . . .        (no shield)
rNeg    . . .        o - +0 leather armour
rPois   +            h - +0 helmet
rElec   .            (no cloak)
rCorr   .            (no gloves)
SInv    .            l - +0 pair of boots
Will    .....        (no amulet)
Stlth   ++++         w - ring of flight
HPRegen 0.28/turn    y - ring of poison resistance
MPRegen 0.11/turn

%: no passive effects
@: mighty, flying, very slightly contaminated
A: fangs 1, strong nose, distributed training
a: no special abilities


You were on level 4 of the Dungeon.
You visited 1 branch of the dungeon, and saw 6 of its levels.

You collected 195 gold pieces.

Inventory:

Hand Weapons
 a - a +0 short sword of holy wrath (weapon)
 b - a +1 sling of flaming
 f - a +0 quarterstaff
 m - a +0 falchion
 p - a +0 war axe
 x - a +0 trident
Missiles
 e - 9 poisoned darts
 s - 9 boomerangs
Armour
 h - a +0 helmet (worn)
 l - a +0 pair of boots (worn)
 o - a +0 leather armour (worn)
 t - a +0 ring mail
Jewellery
 w - a ring of flight (left hand)
 y - a ring of poison resistance (right hand)
Talismans
 j - a flux talisman
Wands
 g - a wand of digging (3)
Scrolls
 c - 3 scrolls of fog
 d - a scroll of revelation
 u - a scroll of enchant weapon {unknown}
Potions
 i - 3 potions of curing
 k - a potion of invisibility
 n - a potion of resistance
 q - a potion of might
 r - a potion of haste
 v - a potion of brilliance


   Skills:
 + Level 6.8 Fighting
 + Level 5.0 Short Blades
 + Level 1.9 Long Blades
 + Level 1.9 Axes
 + Level 1.9 Maces & Flails
 + Level 1.9 Polearms
 + Level 1.9 Staves
 + Level 1.9 Ranged Weapons
 + Level 1.9 Throwing
 + Level 1.9 Armour
 + Level 5.0 Dodging
 + Level 9.8 Stealth
 + Level 1.9 Shields
 + Level 1.9 Unarmed Combat
 + Level 1.9 Spellcasting
 + Level 1.5 Conjurations
 + Level 1.5 Hexes
 + Level 1.5 Summonings
 + Level 1.5 Necromancy
 + Level 1.5 Translocations
 + Level 1.5 Transmutations
 + Level 1.5 Fire Magic
 + Level 1.5 Ice Magic
 + Level 1.5 Air Magic
 + Level 1.5 Earth Magic
 + Level 1.5 Poison Magic
 + Level 2.1 Invocations
 + Level 1.9 Evocations
 + Level 1.7 Shapeshifting


You had 3 spell levels left.
You knew the following spells:

 Your Spells              Type           Power      Damage    Failure   Level
a - Inner Flame           Hex/Fire       4%         N/A       52%         3
b - Ensorcelled Hibernat  Hex/Ice        8%         N/A       30%         2

Your spell library contained the following spells:

 Spells                   Type           Power      Damage    Failure   Level
 Passwall                 Tmut/Erth      3%         N/A       30%         2
 Swiftness                Air            4%         N/A       52%         3
 Yara's Violent Unravell  Hex/Tmut       2%         3d3       99%         5
 Enfeeble                 Hex            2%         N/A       100%        7


Dungeon Overview and Level Annotations

Branches:
Dungeon (6/15)
 Temple: D:4-7

Altars:
Nemelex Xobeh
Vehumet
Xom
Zin


Innate Abilities, Weirdness & Mutations

You have very sharp teeth.
Your uncanny sense of smell can sniff out nearby items.
Your experience applies equally to all skills.


Message History

The endoplasm hits you but does no damage.
The orc closely misses you. The orc priest closely misses you.
You hit the orc priest.
You bite the orc priest, but do no damage.
The orc priest is moderately wounded.
You feel sick. The endoplasm misses you.
The orc priest mumbles some strange prayers to Beogh against you.
You barely resist. The orc hits you but does no damage.
You are more poisoned.
You hit the orc priest.
The orc priest is heavily wounded.
You feel sick.
You hit the orc priest but do no damage.
The orc priest is heavily wounded.
You feel sick. The endoplasm freezes you.
You are frozen.
The orc misses you.
The orc priest mumbles some strange prayers to Beogh against you.
Pain shoots through your body!
You closely miss the orc priest.
You bite the orc priest, but do no damage.
The orc priest is heavily wounded.
You feel sick. The endoplasm freezes you.
You are frozen.
The orc priest mumbles some strange prayers to Beogh against you.
Pain shoots through your body!
* * * LOW HITPOINT WARNING * * *
The orc closely misses you.
You feel better. The endoplasm hits you.
The orc priest hits you with a +0 dagger.
* * * LOW HITPOINT WARNING * * *
The orc closely misses you.
You feel very mighty all of a sudden.
The endoplasm hits you but does no damage.
The orc priest mumbles some strange prayers to Beogh against you.
Pain shoots through your body!
* * * LOW HITPOINT WARNING * * *
The orc hits you with a +1 whip of venom.
You die...

##.....##..##..#.....#
#.##.#..##.#...#.....###
#....#.........#.......#
..#..#.....#...........
#.##.##>...#.#.........
.. ..# #..####.....##.#
. #.. #..# #.....#..##
... .....#.......... #
... #...J@.#....# #
#...oo##.#### ∆ ##.....
# .. ........ ...
..........# ....#
#<.......## ...###
##...##.## ##....# #(..
### ......#


You could see an orc priest, an orc and an endoplasm.

Vanquished Creatures
  A black bear (D:4)
  2 sleepcaps (D:3)
  An orc priest (D:4)
  3 adders
  2 dart slugs (D:2)
  10 orcs
  4 ball pythons (D:1)
  3 endoplasms
  2 giant cockroaches
  3 goblins
  6 hobgoblins
  4 jackals
  6 kobolds
  3 quokkas
  3 bats (D:3)
  5 frilled lizards
  9 rats
67 creatures vanquished.

Notes
Turn   | Place    | Note
-------+----------+-------------------------------------------
     0 | D:5      | Reached skill level 9 in Stealth
     0 | D:5      | croobank the Gnoll Delver began the quest for the Orb.
     0 | D:5      | Reached XP level 1. HP: 23/23 MP: 1/1
     4 | D:6      | Noticed a hound
   224 | D:5      | Reached XP level 2. HP: 16/29 MP: 2/2
   426 | D:6      | Noticed a gnoll sergeant
   448 | D:4      | Noticed a black bear
   457 | D:4      | Killed a black bear
   458 | D:4      | Reached skill level 1 in Long Blades
   458 | D:4      | Reached skill level 1 in Axes
   458 | D:4      | Reached skill level 1 in Maces & Flails
   458 | D:4      | Reached skill level 1 in Polearms
   458 | D:4      | Reached skill level 1 in Staves
   458 | D:4      | Reached skill level 1 in Ranged Weapons
   458 | D:4      | Reached skill level 1 in Throwing
   458 | D:4      | Reached skill level 1 in Armour
   458 | D:4      | Reached skill level 1 in Shields
   458 | D:4      | Reached skill level 1 in Unarmed Combat
   458 | D:4      | Reached skill level 1 in Spellcasting
   458 | D:4      | Reached skill level 1 in Conjurations
   458 | D:4      | Reached skill level 1 in Hexes
   458 | D:4      | Reached skill level 1 in Summonings
   458 | D:4      | Reached skill level 1 in Necromancy
   458 | D:4      | Reached skill level 1 in Translocations
   458 | D:4      | Reached skill level 1 in Transmutations
   458 | D:4      | Reached skill level 1 in Fire Magic
   458 | D:4      | Reached skill level 1 in Ice Magic
   458 | D:4      | Reached skill level 1 in Air Magic
   458 | D:4      | Reached skill level 1 in Earth Magic
   458 | D:4      | Reached skill level 1 in Poison Magic
   458 | D:4      | Reached skill level 1 in Invocations
   458 | D:4      | Reached skill level 1 in Evocations
   458 | D:4      | Reached skill level 1 in Shapeshifting
   458 | D:4      | Reached XP level 3. HP: 5/35 MP: 2/4
   458 | D:4      | Reached XP level 4. HP: 6/41 MP: 2/5
   764 | D:2      | Reached XP level 5. HP: 45/47 MP: 6/6
  1307 | D:2      | Learned a level 3 spell: Inner Flame
  1750 | D:3      | Found a radiant altar of Vehumet.
  1753 | D:3      | Found a glowing silver altar of Zin.
  1767 | D:3      | Found a shimmering altar of Xom.
  1770 | D:3      | Found a sparkling altar of Nemelex Xobeh.
  1894 | D:3      | Found a faded altar of an unknown god.
  2696 | D:4      | Learned a level 2 spell: Ensorcelled Hibernation
  2716 | D:4      | Reached XP level 6. HP: 49/53 MP: 5/8
  2863 | D:4      | Reached skill level 5 in Short Blades
  2863 | D:4      | Reached skill level 5 in Dodging
  3141 | D:4      | HP: 1/53 [orc priest/nerve-wracking pain (13)]
  3141 | D:4      | Slain by an orc

Illustrated notes

Levels and vault maps discovered:
D:1:      dpeg_arrival_ratfight, layout_rooms
D:2:      layout_rooms, hangedman_decor_diamond_cutter
D:3:      layout_loops_ring, grunt_temple_overflow_cloverleaf,
          dilly_ecumenical_altar_fadedgnrine, hellmonk_no_cap
D:4:      layout_cave_pools, minmay_temple_entry_proselytizer
D:5:      layout_cave_pods, nzn_hepliaklqana_mist_gate, serial_shops, shop
D:6:      layout_cave_pods, serial_shops, shop

Skill      XL: |  1  2  3  4  5  6 |
---------------+-------------------+-----
Stealth        | |  9.8
Long Blades    | 1 |  1.9
Axes           | 1 |  1.9
Maces & Flails | 1 |  1.9
Polearms       | 1 |  1.9
Staves         | 1 |  1.9
Ranged Weapons | 1 |  1.9
Throwing       | 1 |  1.9
Armour         | 1 |  1.9
Shields        | 1 |  1.9
Unarmed Combat | 1 |  1.9
Spellcasting   | 1 |  1.9
Conjurations   | 1 |  1.5
Hexes          | 1 |  1.5
Summonings     | 1 |  1.5
Necromancy     | 1 |  1.5
Translocations | 1 |  1.5
Transmutations | 1 |  1.5
Fire Magic     | 1 |  1.5
Ice Magic      | 1 |  1.5
Air Magic      | 1 |  1.5
Earth Magic    | 1 |  1.5
Poison Magic   | 1 |  1.5
Invocations    | 1 2 |  2.1
Evocations     | 1 |  1.9
Shapeshifting  | 1 |  1.7
Short Blades   | 5 |  5.0
Dodging        | 5 |  5.0
Fighting       | |  6.8

Action                     |  1- 3 |  4- 6 || total
---------------------------+-------+-------++-------
  Melee: Short sword       |    53 |   280 ||   333
         Bite              |     8 |    44 ||    52
         Punch             |       |     6 ||     6
   Fire: Sling             |       |    15 ||    15
   Cast: Ensorcelled Hiber |       |     4 ||     4
    Use: Potion            |     2 |     4 ||     6
         Scroll            |     1 |     6 ||     7
   Stab: Sleeping          |       |    20 ||    20
         Distracted        |       |     1 ||     1
 Armour: Leather armour    |    26 |   131 ||   157
  Dodge: Dodged            |    34 |   162 ||   196

Table legend: (Time is in decaauts)
 A = Elapsed time spent in this place.
 B = Non-inter-level travel time spent in this place.
 C = Inter-level travel time spent in this place.
 D = Time resting spent in this place.
 E = Time spent auto-exploring this place.
 F = Levels seen in this place.
 G = Mean time per level.
                   A        B        C        D        E       F      G
               +--------+--------+--------+--------+--------+-----+--------+
         Total |   3052 |   2950 |    102 |    587 |   1367 |   6 |  508.7 |
       Dungeon |   3052 |   2950 |    102 |    587 |   1367 |   6 |  508.7 |
               +--------+--------+--------+--------+--------+-----+--------+

Top non-repeatable levels by time:
     D:3: 1167 daAuts
     D:4: 647 daAuts
     D:1: 448 daAuts
     D:5: 392 daAuts
     D:2: 367 daAuts
     D:6: 29 daAuts
